 Dungeon Crawl Stone Soup version 0.28-a0-1212-gc6b4282bc0 (webtiles) character file.

Game seed: 7366636752088738276

2404 Grim the Destroyer (level 9, -21/40 HPs)
             Began as a Deep Elf Conjurer on Dec 21, 2021.
             Was an Initiate of Vehumet.
             Killed from afar by Erica (32 damage)
             ... with a bolt of poison
             ... on level 8 of the Dungeon.
             The game lasted 00:20:47 (9886 turns).

Grim the Destroyer (Deep Elf Conjurer)              Turns: 9886, Time: 00:20:47

Health: -21/40     AC:  4    Str:  6    XL:     9   Next: 23%
Magic:  9/14       EV: 16    Int: 26    God:    Vehumet [......]
Gold:   244        SH:  0    Dex: 13    Spells: 0/14 levels left

rFire   + . .      SeeInvis .   v - staff of death
rCold   + . .      Faith    +   (no shield)
rNeg    + . .      Spirit   .   o - +1 robe {rC+ rF+}
rPois   .          Reflect  .   (no helmet)
rElec   .          Harm     .   (no cloak)
rCorr   .          Rampage  .   s - +0 pair of gloves
Will    .....                   (no boots)
Stlth   ++........              r - amulet of faith
HPRegen 0.13/turn               j - +4 ring of evasion
MPRegen 0.14/turn               (no ring)

@: lethally poisoned (-21 -> -50)
A: frail 1, low mp 1, MP-powered wands
a: Renounce Religion


You were on level 8 of the Dungeon.
You worshipped Vehumet.
Vehumet was noncommittal.
You visited 2 branches of the dungeon, and saw 9 of its levels.

You collected 244 gold pieces.

Inventory:

Armour
 o - a +1 robe of resistance (worn)
 s - a +0 pair of gloves (worn)
Magical Staves
 v - a staff of death (weapon)
Jewellery
 d - a ring of ice
 j - a +4 ring of evasion (left hand)
 n - an amulet of the acrobat
 r - an amulet of faith (around neck)
 C - an amulet of magic regeneration
Wands
 l - a wand of acid (5)
 y - a wand of polymorph (6)
 z - a wand of paralysis (10)
 A - a wand of iceblast (17)
Scrolls
 e - 3 scrolls of immolation
 f - a scroll of summoning {unknown}
 i - a scroll of acquirement {unknown}
 k - 2 scrolls of holy word {unknown}
 m - a scroll of enchant armour {unknown}
 p - 3 scrolls of brand weapon {unknown}
 t - a scroll of magic mapping {unknown}
 u - 2 scrolls of teleportation {unknown}
 x - a scroll of fog {unknown}
 B - a scroll of vulnerability {unknown}
Potions
 a - a potion of magic {unknown}
 b - 3 potions of heal wounds
 c - a potion of berserk rage
 g - 3 potions of curing
 h - 2 potions of flight {unknown}
 q - 2 potions of might
 w - a potion of haste


   Skills:
 - Level 3.0 Staves
 + Level 2.5 Dodging
 - Level 2.4 Stealth
 - Level 3.0 Spellcasting
 - Level 11.4 Conjurations
 * Level 0.0 Hexes
 - Level 6.9 Necromancy
 - Level 3.9 Translocations


You couldn't memorise any spells.
You knew the following spells:

 Your Spells              Type           Power      Damage    Failure   Level
a - Magic Dart            Conj           100%       1d8       1%          1
b - Pain                  Necr           100%       1d9       1%          1
c - Animate Skeleton      Necr           100%       N/A       1%          1
d - Searing Ray           Conj           100%       2d8       1%          2
e - Vampiric Draining     Necr           57%        2d10      1%          3
f - Blink                 Tloc           48%        N/A       2%          2
g - Fulminant Prism       Conj/Hex       16%        3d11      9%          4

Your spell library contained the following spells:

 Spells                   Type           Power      Damage    Failure   Level
 Dazzling Flash           Conj/Hex       66%        N/A       2%          3
 Iskenderun's Mystic Bla  Conj/Tloc      43%        2d10      4%          4
 Lesser Beckoning         Tloc           24%        N/A       5%          3
 Passage of Golubria      Tloc           24%        N/A       19%         4
 Ozocubu's Armour         Ice            3%         N/A       28%         3
 Manifold Assault         Tloc           24%        N/A       45%         5
 Silence                  Hex/Air        2%         N/A       95%         5
 Ozocubu's Refrigeration  Ice            1%         4d5       100%        7
 Lehudib's Crystal Spear  Conj/Erth      16%        10d5      100%        8


Dungeon Overview and Level Annotations

Branches:
Dungeon (8/15)             Temple (1/1) D:7
   Lair: D:8-11

Altars:
Cheibriados
Elyvilon
Hepliaklqana
Kikubaaqudgha
Nemelex Xobeh
Okawaru
Qazlal
Ru
Vehumet
Xom
Yredelemnul
Zin

Shops:
D:4 ?

Annotations:
D:8 Erica


Innate Abilities, Weirdness & Mutations

You are frail. (-10% HP)
Your magical capacity is low. (-10% MP)
You expend magic power (3 MP) to strengthen your wands.


Message History

Erica the Fiery-Tempered comes into view.
She is wielding a +0 scimitar of flaming and wearing a +1 robe of willpower.
Erica is nearby!
Casting: Vampiric Draining (safe; 1% risk of failure)
Confirm with . or Enter, or press ? or * to list all spells.
Aiming: Magic Dart (safe; 1% risk of failure)
Press: ? - help, Shift-Dir - straight line, f - Erica
Aim: Erica, wielding a +0 scimitar of flaming and wearing a +1 robe of willpower (wandering, hasn't noticed you, 100% to hit)
The magic dart hits Erica but does no damage.
Erica shouts!
You hear a shout!
Casting: Magic Dart (safe; 1% risk of failure)
Confirm with . or Enter, or press ? or * to list all spells.
The spell is quite dangerous to miscast (9% risk of failure)!
Continue anyway?
Aiming: Fulminant Prism (quite dangerous; 9% risk of failure)
Press: ? - help, Dir - move target, p - Erica You conjure a prism of explosive energy!
A fulminant prism comes into view.
Erica points at you and mumbles some strange words.
The bolt of poison hits you!!
You are poisoned.
* * * LOW HITPOINT WARNING * * *
Your fulminant prism crackles loudly.
* * * LOW HITPOINT WARNING * * *
You feel very sick.
Your fulminant prism explodes!
The blast of energy engulfs Erica!
Erica is moderately wounded.
You hear a bellow! x4
* * * LOW HITPOINT WARNING * * *
You feel very sick.
There is a stone staircase leading up here.
Casting: Fulminant Prism (quite dangerous; 9% risk of failure)
Confirm with . or Enter, or press ? or * to list all spells.
Okay, then.
Unknown command.
* * * LOW HITPOINT WARNING * * *
You feel very sick. Erica gestures at you while chanting.
The bolt of poison hits you!!
You are lethally poisoned!
Ouch! That really hurt!
You die...

#. .§§.≈≈≈≈.........
#.. ...≈≈§...........
.... ................
#.#.###).#...........
.....#...............
#............#......
#.........^.........
##.....)...@.........
..>....@..####.......
..........# .......
..........# #..$...
....#####.###.#......
.... #.....#..o.o.
... #.....##### ....o
........... ###..
.<........
.###.......


You could see Erica.

Vanquished Creatures
  2 water moccasins (D:5)
  A sky beast (D:6)
  2 black bears
  An ice beast (D:7)
  A necrophage (D:5)
  2 ogres
  A centaur (D:4)
  A phantom (D:6)
  3 bullfrogs
  A water moccasin skeleton (D:6)
  11 wights (D:7)
  A centaur zombie (D:6)
  4 orc priests
  3 jellies
  2 hounds
  3 gnoll shamans
  2 iguanas
  A scorpion zombie (D:5)
  9 adders
  10 gnolls
  2 shadow imps
  A white imp (D:7)
  A worm (D:2)
  9 orcs
  3 endoplasms (D:1)
  5 goblins
  7 hobgoblins
  3 kobolds
  2 quokkas
  6 ball pythons
  6 bats
  3 frilled lizards (D:1)
  2 rats
111 creatures vanquished.

Vanquished Creatures (others)
  A fulminant prism (D:8)
  5 plants (D:7)
6 creatures vanquished.

Grand Total: 117 creatures vanquished

Notes
Turn   | Place    | Note
-------+----------+-------------------------------------------
     0 | D:1      | Grim the Deep Elf Conjurer began the quest for the Orb.
     0 | D:1      | Reached XP level 1. HP: 10/10 MP: 6/6
   284 | D:1      | Reached XP level 2. HP: 15/15 MP: 4/8
   356 | D:1      | Reached skill level 5 in Conjurations
   510 | D:1      | Found a faded altar of an unknown god.
   621 | D:1      | Learned a level 1 spell: Pain
   623 | D:1      | Learned a level 1 spell: Animate Skeleton
   626 | D:1      | Learned a level 2 spell: Searing Ray
  1608 | D:2      | Reached skill level 1 in Necromancy
  1608 | D:2      | Reached XP level 3. HP: 19/19 MP: 7/9
  2216 | D:3      | You fall into a shaft and drop 2 floors!
  2216 | D:5      | Entered Level 5 of the Dungeon
  2225 | D:5      | Reached XP level 4. HP: 24/24 MP: 6/10
  2377 | D:5      | Noticed a water moccasin
  2388 | D:5      | Killed a water moccasin
  2389 | D:5      | Reached skill level 6 in Conjurations
  2389 | D:5      | Reached XP level 5. HP: 28/28 MP: 5/11
  2500 | D:5      | Noticed a necrophage
  2527 | D:5      | Killed a necrophage
  2687 | D:5      | Reached XP level 6. HP: 32/32 MP: 2/12
  3108 | D:5      | Reached skill level 7 in Conjurations
  3662 | D:4      | Reached skill level 5 in Necromancy
  3722 | D:4      | Identified the +0 leather armour "Ytan" {Regen+}
  4039 | D:4      | Reached skill level 8 in Conjurations
  4039 | D:4      | Reached XP level 7. HP: 36/36 MP: 6/13
  4207 | D:4      | Found Tytoiso's Magic Scroll Emporium.
  4458 | D:4      | Learned a level 3 spell: Vampiric Draining
  4461 | D:4      | Learned a level 2 spell: Blink
  4527 | D:5      | Reached skill level 1 in Staves
  5506 | D:6      | Reached skill level 9 in Conjurations
  5895 | D:6      | Reached XP level 8. HP: 41/41 MP: 7/14
  6961 | D:6      | Gained mutation: A frigid envelope surrounds you and
                  | freezes all who hurt you. [potion of mutation]
  6989 | D:7      | Reached skill level 10 in Conjurations
  7245 | D:6      | Lost mutation: A frigid envelope surrounds you and freezes
                  | all who hurt you. [potion of mutation]
  7245 | D:6      | Gained mutation: You are frail. (-10% HP) [potion of
                  | mutation]
  7245 | D:6      | Gained mutation: Your magical capacity is low. (-10% MP)
                  | [potion of mutation]
  7245 | D:6      | Gained mutation: You expend magic power (3 MP) to
                  | strengthen your wands. [potion of mutation]
  8265 | D:7      | Reached skill level 11 in Conjurations
  8374 | D:7      | Reached skill level 1 in Translocations
  8623 | D:7      | Found a staircase to the Ecumenical Temple.
  8639 | Temple   | Entered the Ecumenical Temple
  8648 | Temple   | Became a worshipper of Vehumet
  8704 | D:7      | Reached XP level 9. HP: 32/40 MP: 5/14
  8895 | D:7      | Found a basalt altar of Yredelemnul.
  9816 | D:7      | Learned a level 4 spell: Fulminant Prism
  9880 | D:8      | Noticed Erica
  9886 | D:8      | Killed from afar by Erica

Illustrated notes

Levels and vault maps discovered:
D:1:      ncdulo_smallfort, layout_loops_corners,
          hellmonk_ecumenical_altar_blasted
D:2:      layout_basic
D:3:      layout_rooms
D:4:      layout_basic, serial_shops, nicolae_shop_crystal
D:5:      layout_loops_corners, nicolae_concentric_dashed_squares_mild
D:6:      layout_basic, serial_curves, eino_curves_03, eino_curves_04
D:7:      layout_cave_pools, overflow_temple_1_default,
          minmay_temple_entry_gardened_gates
D:8:      layout_rooms, minmay_lair_entry_lava,
          minmay_fractal_squares_diagonal_5, uniq_erica
Temple:   grunt_wide_crystal_templ

Skill      XL: |  1  2  3  4  5  6  7  8  9 |
---------------+----------------------------+-----
Conjurations   | 5 6 8 9 11 | 11.4
Necromancy     | 1 2 3 4 5 6 |  6.9
Staves         | 3 |  3.0
Translocations | 1 3 |  3.9
Dodging        | |  2.5
Stealth        | |  2.4
Spellcasting   | |  3.0

Action                   |  1- 3 |  4- 6 |  7- 9 || total
-------------------------+-------+-------+-------++-------
Melee: Staff             |       |       |     6 ||     6
 Cast: Magic Dart        |    65 |    25 |   122 ||   212
       Pain              |    11 |     4 |    28 ||    43
       Searing Ray       |     2 |     8 |    28 ||    38
       Vampiric Draining |       |       |    13 ||    13
       Blink             |       |       |     2 ||     2
       Fulminant Prism   |       |       |     1 ||     1
  Use: Potion            |       |       |     3 ||     3
       Scroll            |       |       |     5 ||     5
Armor: Robe              |     2 |       |     8 ||    10
Dodge: Dodged            |     5 |    14 |    49 ||    68

Table legend: (Time is in decaauts)
 A = Elapsed time spent in this place.
 B = Non-inter-level travel time spent in this place.
 C = Inter-level travel time spent in this place.
 D = Time resting spent in this place.
 E = Time spent auto-exploring this place.
 F = Levels seen in this place.
 G = Mean time per level.
                   A        B        C        D        E       F      G
               +--------+--------+--------+--------+--------+-----+--------+
         Total |   9891 |   9531 |    360 |   4454 |   3932 |   9 | 1099.0 |
       Dungeon |   9862 |   9502 |    360 |   4454 |   3932 |   8 | 1232.8 |
        Temple |     28 |     28 |      0 |      0 |      0 |   1 |   28.0 |
               +--------+--------+--------+--------+--------+-----+--------+

Top non-repeatable levels by time:
     D:6: 2834 daAuts
     D:5: 2126 daAuts
     D:7: 1734 daAuts
     D:1: 1168 daAuts
     D:2: 972 daAuts
     D:4: 878 daAuts
     D:3: 74 daAuts
     D:8: 72 daAuts
  Temple: 28 daAuts
